 Dungeon Crawl Stone Soup version 0.28-a0-1087-gf3fc490d9d (webtiles) character file.

Game seed: 1270594248086661563

341 lawman0 the Grasshopper (level 6, -3/76 HPs)
             Began as a Gnoll Warper on Dec 10, 2021.
             Slain by a phantom (5 damage)
             ... on level 4 of the Dungeon.
             The game lasted 00:04:15 (2900 turns).

lawman0 the Grasshopper (Gnoll Warper)              Turns: 2900, Time: 00:04:15

Health: -3/76      AC: 23    Str: 10    XL:     6   Next: 56%
Magic:  6/14       EV:  2    Int: 14    God:
Gold:   155        SH:  0    Dex: 12    Spells: 3/15 levels left

rFire   . . .      SeeInvis .   a - +0 trident
rCold   . . .      Faith    .   (no shield)
rNeg    . . .      Spirit   .   (armour currently unavailable)
rPois   +          Reflect  .   (helmet currently unavailable)
rElec   .          Harm     .   (cloak currently unavailable)
rCorr   .          Rampage  .   (gloves currently unavailable)
Will    .....      NoTele   +   (boots currently unavailable)
Stlth   ++........              j - amulet of magic regeneration
HPRegen 0.22/turn               (no ring)
MPRegen 0.54/turn               (no ring)

@: tree-form
A: stationary, stasis, torment immunity, boosted hp, (fangs 1), strong nose,
distributed training
a: no special abilities


You were on level 4 of the Dungeon.
You were a tree.
You visited 1 branch of the dungeon, and saw 4 of its levels.

You collected 155 gold pieces.

Inventory:

Hand Weapons
 a - a +0 trident (weapon)
 b - a +2 hunting sling of freezing
Missiles
 d - a boomerang of dispersal (quivered)
 i - 10 sling bullets
Armour
 k - a +0 helmet (melded)
 n - a +0 ring mail of cold resistance (melded)
Jewellery
 j - an amulet of magic regeneration (around neck)
Wands
 e - a wand of flame (25)
Scrolls
 c - 2 scrolls of blinking
 l - 2 scrolls of teleportation
 m - a scroll of vulnerability
 o - a scroll of summoning {unknown}
Potions
 f - a potion of flight
 h - a potion of brilliance {unknown}


   Skills:
 + Level 5.0 Fighting
 + Level 2.0 Short Blades
 + Level 2.0 Long Blades
 + Level 2.0 Axes
 + Level 2.0 Maces & Flails
 + Level 5.0 Polearms
 + Level 2.0 Staves
 + Level 2.0 Slings
 + Level 2.0 Bows
 + Level 2.0 Crossbows
 + Level 3.3 Throwing
 + Level 3.3 Armour
 + Level 5.0 Dodging
 + Level 2.0 Stealth
 + Level 2.0 Shields
 + Level 2.0 Unarmed Combat
 + Level 5.4 Spellcasting
 + Level 1.6 Conjurations
 + Level 1.6 Hexes
 + Level 1.6 Summonings
 + Level 1.6 Necromancy
 + Level 5.7 Translocations
 + Level 1.6 Transmutations
 + Level 1.6 Fire Magic
 + Level 1.6 Ice Magic
 + Level 1.6 Air Magic
 + Level 1.6 Earth Magic
 + Level 1.6 Poison Magic
 + Level 2.2 Invocations
 + Level 2.0 Evocations


You had 3 spell levels left.
You knew the following spells:

 Your Spells              Type           Power      Damage    Failure   Level
a - Blink                 Tloc           38%        N/A       2%          2
b - Static Discharge      Conj/Air       8%         N/A       13%         2
c - Teleport Other        Tloc           19%        N/A       4%          3
d - Manifold Assault      Tloc           19%        N/A       41%         5

Your spell library contained the following spells:

 Spells                   Type           Power      Damage    Failure   Level
 Gell's Gravitas          Tloc           19%        N/A       4%          3
 Lesser Beckoning         Tloc           19%        N/A       4%          3
 Ozocubu's Armour         Ice            8%         N/A       26%         3
 Dispel Undead            Necr           8%         3d8       65%         4
 Sticky Flame             Conj/Fire      8%         2d3       65%         4
 Ozocubu's Refrigeration  Ice            4%         4d5       100%        7


Dungeon Overview and Level Annotations

Branches:
Dungeon (3/15)

Altars:
Fedhas
Vehumet


Innate Abilities, Weirdness & Mutations

You are a tree.
Your roots penetrate the ground, keeping you stationary.
You cannot be teleported.
You are immune to unholy pain and torment.
Your maximum health is greatly increased.
Your equipment is partially melded.
((You have very sharp teeth.))
Your uncanny sense of smell can sniff out nearby items.
Your experience applies equally to all skills.


Message History

You kill the centaur!
The lightning grounds out.
The phantom hits you.
* * * LOW HITPOINT WARNING * * *
Your Fighting skill increases to level 5!
Your Short Blades skill increases to level 2!
Your Long Blades skill increases to level 2!
Your Axes skill increases to level 2!
Your Maces & Flails skill increases to level 2!
Your Polearms skill increases to level 5!
Your Staves skill increases to level 2!
Your Slings skill increases to level 2!
Your Bows skill increases to level 2!
Your Crossbows skill increases to level 2!
Your Dodging skill increases to level 5!
Your Stealth skill increases to level 2!
Your Shields skill increases to level 2!
Your Unarmed Combat skill increases to level 2!
Your Evocations skill increases to level 2!
Unknown command.
Unknown command.
Unknown command.
Unknown command.
It was a potion of lignification.
You turn into a tree.
Your +0 helmet melds into your body.
Your +0 ring mail of cold resistance melds into your body.
You feel less resistant to cold.
Your roots penetrate the ground.
The phantom hits you but does no damage.
You barely miss the phantom.
The phantom is lightly damaged.
The phantom hits you but does no damage.
Your magical contamination has completely faded away.
You hit the phantom.
The phantom is moderately damaged.
The phantom barely misses you.
You completely miss the phantom.
The phantom is moderately damaged.
The phantom hits you but does no damage.
You barely miss the phantom.
The phantom is moderately damaged.
The phantom hits you.
You die...

.. ## ..#. .# ....
.# ...#####.#
####...##W.## #
.........♣..# #.
#..#...).## ##.
##........#
#...###......#..#
.............###.#
.......#.....# #.#
#..........# #.#
######....###### #
#.....#...#


You could see a phantom.

Vanquished Creatures
  A black bear (D:2)
  A centaur (D:4)
  Ijyb (D:3)
  8 adders
  3 worms (D:2)
  2 dart slugs
  An orc (D:2)
  8 endoplasms
  2 giant cockroaches
  A hobgoblin (D:2)
  5 kobolds
  4 quokkas
  4 ball pythons
  10 bats
  4 frilled lizards
  6 goblins
  8 rats
69 creatures vanquished.

Notes
Turn   | Place    | Note
-------+----------+-------------------------------------------
     0 | D:1      | lawman0 the Gnoll Warper began the quest for the Orb.
     0 | D:1      | Reached XP level 1. HP: 20/20 MP: 6/6
   221 | D:1      | Reached XP level 2. HP: 18/26 MP: 7/7
   445 | D:1      | Learned a level 2 spell: Blink
   994 | D:2      | Learned a level 2 spell: Static Discharge
  1031 | D:2      | Reached XP level 3. HP: 29/31 MP: 9/9
  1152 | D:2      | Reached skill level 5 in Spellcasting
  1336 | D:2      | Noticed a black bear
  1353 | D:2      | Killed a black bear
  1354 | D:2      | Reached skill level 1 in Short Blades
  1354 | D:2      | Reached skill level 1 in Long Blades
  1354 | D:2      | Reached skill level 1 in Axes
  1354 | D:2      | Reached skill level 1 in Maces & Flails
  1354 | D:2      | Reached skill level 1 in Staves
  1354 | D:2      | Reached skill level 1 in Slings
  1354 | D:2      | Reached skill level 1 in Bows
  1354 | D:2      | Reached skill level 1 in Crossbows
  1354 | D:2      | Reached skill level 1 in Stealth
  1354 | D:2      | Reached skill level 1 in Shields
  1354 | D:2      | Reached skill level 1 in Unarmed Combat
  1354 | D:2      | Reached skill level 1 in Conjurations
  1354 | D:2      | Reached skill level 1 in Hexes
  1354 | D:2      | Reached skill level 1 in Summonings
  1354 | D:2      | Reached skill level 1 in Necromancy
  1354 | D:2      | Reached skill level 1 in Transmutations
  1354 | D:2      | Reached skill level 1 in Fire Magic
  1354 | D:2      | Reached skill level 1 in Ice Magic
  1354 | D:2      | Reached skill level 1 in Air Magic
  1354 | D:2      | Reached skill level 1 in Earth Magic
  1354 | D:2      | Reached skill level 1 in Poison Magic
  1354 | D:2      | Reached skill level 1 in Invocations
  1354 | D:2      | Reached skill level 1 in Evocations
  1354 | D:2      | Reached XP level 4. HP: 27/38 MP: 11/11
  1354 | D:2      | Reached XP level 5. HP: 31/43 MP: 12/12
  1609 | D:2      | Learned a level 3 spell: Teleport Other
  1615 | D:2      | Learned a level 5 spell: Manifold Assault
  1643 | D:2      | Found a radiant altar of Vehumet.
  2176 | D:3      | Noticed Ijyb
  2209 | D:3      | Killed Ijyb
  2210 | D:3      | Reached XP level 6. HP: 21/50 MP: 13/13
  2721 | D:3      | You fall into a shaft and drop 1 floor!
  2826 | D:4      | Found a blossoming altar of Fedhas.
  2895 | D:4      | HP: 1/50 [phantom (5)]
  2896 | D:4      | Reached skill level 5 in Fighting
  2896 | D:4      | Reached skill level 5 in Polearms
  2896 | D:4      | Reached skill level 5 in Dodging
  2900 | D:4      | Slain by a phantom

Illustrated notes

Levels and vault maps discovered:
D:1:      dpeg_arrival_three_same_balls, layout_basic
D:2:      minmay_razor_zed, layout_loops_ring, basic_altar, grunt_ministairs_13
D:3:      layout_loops_cross, uniq_grinder, uniq_ijyb
D:4:      layout_layer_cave, fedhas_altar_fruit_tree, minmay_misc_feat_x

Skill      XL: |  1  2  3  4  5  6 |
---------------+-------------------+-----
Spellcasting   | 5 |  5.4
Short Blades   | 1 2 |  2.0
Long Blades    | 1 2 |  2.0
Axes           | 1 2 |  2.0
Maces & Flails | 1 2 |  2.0
Staves         | 1 2 |  2.0
Slings         | 1 2 |  2.0
Bows           | 1 2 |  2.0
Crossbows      | 1 2 |  2.0
Stealth        | 1 2 |  2.0
Shields        | 1 2 |  2.0
Unarmed Combat | 1 2 |  2.0
Conjurations   | 1 |  1.6
Hexes          | 1 |  1.6
Summonings     | 1 |  1.6
Necromancy     | 1 |  1.6
Transmutations | 1 |  1.6
Fire Magic     | 1 |  1.6
Ice Magic      | 1 |  1.6
Air Magic      | 1 |  1.6
Earth Magic    | 1 |  1.6
Poison Magic   | 1 |  1.6
Invocations    | 1 2 |  2.2
Evocations     | 1 2 |  2.0
Throwing       | 3 |  3.3
Armour         | 3 |  3.3
Fighting       | 5 |  5.0
Polearms       | 5 |  5.0
Dodging        | 5 |  5.0
Translocations | |  5.7

Action                   |  1- 3 |  4- 6 || total
-------------------------+-------+-------++-------
Melee: Spear             |   108 |    18 ||   126
       Bite              |     4 |       ||     4
       Trident           |       |    64 ||    64
 Fire: Hunting sling     |    16 |    57 ||    73
Throw: Boomerang         |     4 |       ||     4
 Cast: Static Discharge  |     1 |     8 ||     9
       Blink             |     1 |       ||     1
Evoke: Wand              |       |     9 ||     9
  Use: Scroll            |     3 |       ||     3
       Potion            |       |     4 ||     4
 Stab: Sleeping          |       |     1 ||     1
Armor: Ring mail         |    31 |    60 ||    91
       Leather armour    |     1 |       ||     1
       Skin              |       |     3 ||     3
Dodge: Dodged            |    65 |    79 ||   144

Table legend: (Time is in decaauts)
 A = Elapsed time spent in this place.
 B = Non-inter-level travel time spent in this place.
 C = Inter-level travel time spent in this place.
 D = Time resting spent in this place.
 E = Time spent auto-exploring this place.
 F = Levels seen in this place.
 G = Mean time per level.
                   A        B        C        D        E       F      G
               +--------+--------+--------+--------+--------+-----+--------+
         Total |   2889 |   2763 |    126 |    375 |   1852 |   4 |  722.2 |
       Dungeon |   2889 |   2763 |    126 |    375 |   1852 |   4 |  722.2 |
               +--------+--------+--------+--------+--------+-----+--------+

Top non-repeatable levels by time:
     D:2: 1409 daAuts
     D:1: 938 daAuts
     D:3: 363 daAuts
     D:4: 178 daAuts
